Cogmind - Beta 11.1 --- EXPLORER MODE // 2022.06.30 @ 00:05:03 // Winter2019/RPGLIKE Player: Grimbling Result: Self-destructed Performance ------------- Evolutions (2) 1000 Regions Visited (5) 1000 Robots Destroyed (59) 295 Value Destroyed (1548) 1548 Prototype IDs (5) 100 Alien Tech Used (0) 0 Bonus (295) 295 TOTAL SCORE: 4238 Bonus ------- Follower Combat Kills 428 Friendly Fire -133 Cogmind --------- Core Integrity 706/800 Matter 300/300 Energy 460/460 System Corruption 0% Temperature Cool (0) Movement Treading (160) Location -8/Materials Parts ------- > --- POWER (2) -------- Heavy Ion Engine Heavy Ion Engine > --- PROPULSION (4) --- Light Treads Light Treads > --- UTILITY (5) ------ Improved Terrain Scanner Recoil Stabilizer Medium Armor Plating Reflective Plating Tractor Beam > --- WEAPON (2) ------- Improved Assault Rifle Improved Assault Rifle > --- INVENTORY (3) ---- Large Matter Pod (150) Peak State ------------ > --- POWER ------------ Heavy Ion Engine Heavy Ion Engine > --- PROPULSION ------- Light Treads Light Treads > --- UTILITY ---------- Improved Terrain Scanner Recoil Stabilizer Medium Armor Plating Reflective Plating Tractor Beam > --- WEAPON ----------- Flak Cannon Flak Cannon > --- INVENTORY -------- Large Matter Pod Heavy Assault Rifle Improved Assault Rifle [Rating: 26] Favorites ----------- Power Heavy Ion Engine Engine Heavy Ion Engine Propulsion Light Treads Treads Light Treads Utility Tractor Beam Device Tractor Beam Protection Medium Armor Plating Weapon Improved Assault Rifle Energy Gun Improved Medium Laser Ballistic Gun Improved Assault Rifle Ballistic Cannon Flak Cannon Slashing Weapon Mining Claw Build | -11 -10 -10 -9 -9 -8 ------- Run | Scr Mat Min Mat Sto Mat Slots Evolved 9 | 5 . . . . 4 Power 1 | 1 . . . . . Propulsion 3 | 1 . . . . 2 Utility 4 | 2 . . . . 2 Weapon 1 | 1 . . . . . Parts Attached 35 | 7 3 . 1 14 10 Power 8 | 1 1 . . 3 3 Engine 8 | 1 1 . . 3 3 Core . | . . . . . . Reactor . | . . . . . . Propulsion 4 | 2 1 . . . 1 Treads 4 | 2 1 . . . 1 Leg . | . . . . . . Wheel . | . . . . . . Hover . | . . . . . . Flight . | . . . . . . Utility 7 | 3 . . . 2 2 Device 3 | 2 . . . . 1 Storage . | . . . . . . Processor . | . . . . . . Hackware . | . . . . . . Protection 4 | 1 . . . 2 1 Artifact . | . . . . . . Weapon 16 | 1 1 . 1 9 4 Energy Gun 3 | . . . . 3 . Energy Cannon . | . . . . . . Ballistic Gun 9 | 1 1 . 1 4 2 Ballistic Cannon 2 | . . . . . 2 Launcher . | . . . . . . Special Weapon . | . . . . . . Impact Weapon . | . . . . . . Slashing Weapon 2 | . . . . 2 . Piercing Weapon . | . . . . . . Special Melee Weapon . | . . . . . . Unidentified Prototypes 5 | . . . . 4 1 Parts Lost . | . . . . . . Power . | . . . . . . Propulsion . | . . . . . . Utility . | . . . . . . Weapon . | . . . . . . Highest Loss Streak . | . . . . . . To Critical Strikes . | . . . . . . Average Slot Usage (%) 95 | . 95 100 100 99 83 Engine 19 | . 18 22 22 21 15 Treads 20 | . 22 22 22 22 15 Device 21 | . 22 22 22 22 21 Protection 11 | . 11 11 11 11 14 Ballistic Gun 18 | . 20 22 22 20 11 Naked Turns . | . . . . . . Heaviest Build 42 | 12 18 18 20 31 42 Greatest Support 40 | 40 40 40 40 40 40 Greatest Overweight (x) 1 | . . . . . 1 Average Overweight (x) . | . . . . . . Largest Inventory Capacity 3 | 3 3 3 3 3 3 Average Capacity 3 | 3 3 3 3 3 3 Most Carried 3 | . 1 1 2 3 3 Average Carried 1 | . . 1 1 1 1 Final Capacity 3 | 3 3 3 3 3 3 Final Carried 2 | . 1 1 1 2 1 Class Distribution -------------------- 87% | Hacker-Skirmisher 5% | Commander-Skirmisher 5% | Hacker-Mutant Dominant Class ---------------- Hacker-Skirmisher | -10/Materials Hacker-Skirmisher | -10/Mines Hacker-Skirmisher | -9/Materials Hacker-Skirmisher | -9/Storage Hacker-Skirmisher | -8/Materials Resources | -11 -10 -10 -9 -9 -8 ----------- Run | Scr Mat Min Mat Sto Mat Matter Collected 1575 | 303 280 70 106 392 424 Remotely 1389 | 117 280 70 106 392 424 Salvage Created 2709 | 136 461 186 432 616 878 Parts 139 | 10 27 13 22 27 40 Haulers Intercepted 9 | . 1 . . 6 2 Recyclers Shooed 4 | . . . 1 2 1 Parts Field Recycled . | . . . . . . Retrieved Matter . | . . . . . . Parts Self-Destructed . | . . . . . . Prevented . | . . . . . . Kills | -11 -10 -10 -9 -9 -8 ------- Run | Scr Mat Min Mat Sto Mat Combat Hostiles Destroyed 37 | . 8 6 6 2 15 Guns 34 | . 8 6 6 2 12 Cannons 3 | . . . . . 3 Classes Destroyed 9 | 2 4 . 1 . 2 Tunneler 3 | 3 . . . . . Hauler 9 | . 1 . . 6 2 Recycler 5 | 1 . . 1 2 1 Watcher 4 | . 1 . . 2 1 Swarmer 6 | . 2 2 2 . . Grunt 22 | . 6 4 1 2 9 Brawler 1 | . . . . . 1 Duelist 1 | . . . . . 1 Sentry 8 | . . . 3 1 4 Best Kill Streak 6 | 3 4 2 6 3 5 Combat Bots Only 5 | . 4 2 5 1 5 Max Kills in Single Turn 3 | 1 1 1 1 2 3 Gunslinging . | . . . . . . Exploded . | . . . . . . Melee . | . . . . . . Uniques/NPCs Destroyed . | . . . . . . Combat | -11 -10 -10 -9 -9 -8 -------- Run | Scr Mat Min Mat Sto Mat Damage Taken 1288 | . 300 119 184 200 485 Core 840 | . 189 78 131 129 313 Absorbed by Shields . | . . . . . . Redirected to Core 744 | . 177 52 110 114 291 Core Remaining (%) 99 | 100 . 97 . 100 . Volleys Fired 154 | 11 25 15 16 42 45 Largest 2 | 1 2 2 2 2 2 Hottest 88 | 20 40 40 43 46 88 Shots Fired 297 | 11 50 30 32 84 90 Gun 279 | 11 50 30 32 84 72 Cannon 18 | . . . . . 18 Launcher . | . . . . . . Special . | . . . . . . Kinetic 297 | 11 50 30 32 84 90 Thermal . | . . . . . . Explosive . | . . . . . . Electromagnetic . | . . . . . . Robot Hit Streak 60 | 8 21 17 22 29 60 Robot Miss Streak 2 | 1 1 1 1 1 2 Penetration Max . | . . . . . . Secondary Targets 7 | . 2 2 1 . 2 Max Gunslinging Chain 1 | . 1 1 1 . 1 Shots Hit Robots 264 | 10 43 26 26 77 82 Core Hits 122 | 4 20 14 11 20 53 Critical Kills 4 | 2 . . 1 1 . Critical Parts Destroyed 1 | 1 . . . . . Critical Strikes 5 | 3 . . 1 1 . Destroy 5 | 3 . . 1 1 . Melee Attacks 6 | . . . . 6 . Impact . | . . . . . . Slashing 6 | . . . . 6 . Piercing . | . . . . . . Sneak Attacks 1 | . . . . 1 . Combat Hostiles . | . . . . . . Follow-up Attacks . | . . . . . . Damage Inflicted 3880 | 122 445 268 359 1180 1506 Guns 3304 | 122 445 268 359 1108 1002 Cannons 489 | . . . . . 489 Explosions . | . . . . . . Melee 47 | . . . . 47 . Ramming 40 | . . . . 25 15 Kinetic 3793 | 122 445 268 359 1108 1491 Thermal . | . . . . . . Explosive . | . . . . . . Electromagnetic . | . . . . . . Impact . | . . . . . . Slashing 47 | . . . . 47 . Piercing . | . . . . . . Highest Corruption 1 | . 1 1 . . . Average Corruption 1 | . 1 1 . . . Corruption Purged . | . . . . . . Corruption Blocked . | . . . . . . Effects 2 | . . 2 . . . Matter Fused 1 | . . 1 . . . Data Loss (minor) 1 | . . 1 . . . Overload Shots . | . . . . . . Overflow Damage 17 | . . . . 17 . Projectiles . | . . . . . . Explosions . | . . . . . . Melee 17 | . . . . 17 . Knockbacks 13 | . . . . . 13 Impact . | . . . . . . Kinetic 13 | . . . . . 13 Secondary . | . . . . . . Self-Inflicted Damage . | . . . . . . Shots . | . . . . . . Rammed 14 | . . . 1 9 4 Targets Rammed 14 | . . . 1 9 4 Kicked . | . . . . . . Crushed . | . . . . . . Highest Temperature 165 | . 165 11 . . 15 Average Temperature 34 | . 38 11 . . 6 Received Heat Transfer 900 | . 192 111 69 120 408 Siege Activations . | . . . . . . Robots Corrupted . | . . . . . . Combat Hostiles . | . . . . . . Parts Fried . | . . . . . . Impact Corruptions . | . . . . . . Robots Melted . | . . . . . . Combat Hostiles . | . . . . . . Parts Melted . | . . . . . . Heat Transferred . | . . . . . . Parts Sabotaged . | . . . . . . Parts Stolen . | . . . . . . Parts Stripped . | . . . . . . Power Chain Reactions . | . . . . . . Missiles Intercepted . | . . . . . . Alert | -11 -10 -10 -9 -9 -8 ------- Run | Scr Mat Min Mat Sto Mat Peak Influence 288 | 20 131 165 203 288 226 Initial 61 | . 9 . 45 61 . Average 54 | 9 33 102 71 48 70 Maximum Alert Level 1 | . . . 1 1 1 Low Security (%) 97 | 100 100 100 81 98 97 Level 1 2 | . . . 18 1 2 Level 2 . | . . . . . . Level 3 . | . . . . . . Level 4 . | . . . . . . Level 5 . | . . . . . . High Security . | . . . . . . Max Security . | . . . . . . Squads Dispatched 8 | . . . . 3 5 Investigation 1 | . . . . . 1 Extermination . | . . . . . . Reinforcement 3 | . . . . 2 1 Assault . | . . . . . . Garrison 4 | . . . . 1 3 Intercept . | . . . . . . Searches Triggered . | . . . . . . Construction Impeded . | . . . . . . Haulers Reinforced . | . . . . . . Active Scanning Responses . | . . . . . . Cargo Convoy Interrupts . | . . . . . . Stealth | -11 -10 -10 -9 -9 -8 --------- Run | Scr Mat Min Mat Sto Mat Distress Signals 4 | . . . 1 . 3 Communications Jammed . | . . . . . . Distress Signals . | . . . . . . Times Spotted 57 | . 11 6 7 13 20 Peak Tracking Total 5 | . 5 2 4 2 5 Tactical Retreats 2 | . . . 1 . 1 Traps | -11 -10 -10 -9 -9 -8 ------- Run | Scr Mat Min Mat Sto Mat Traps Triggered 4 | . 2 . . . 2 Indirectly . | . . . . . . Trap Hack Attempts . | . . . . . . Triggered . | . . . . . . Disarmed . | . . . . . . Reprogrammed . | . . . . . . Reused . | . . . . . . Traps Extracted . | . . . . . . Installed . | . . . . . . Triggered . | . . . . . . Machines | -11 -10 -10 -9 -9 -8 ---------- Run | Scr Mat Min Mat Sto Mat Machines Disabled 2 | . . . . 2 . Max in Single Turn 1 | . . . . 1 . Garrison Access 1 | . . . . 1 . Machines Sabotaged . | . . . . . . Garrisons Compromised . | . . . . . . Overloaded Fab Kills . | . . . . . . Hacking | -11 -10 -10 -9 -9 -8 --------- Run | Scr Mat Min Mat Sto Mat Machines Accessed 17 | . 3 . 2 7 5 Terminals 15 | . 3 . 2 6 4 Fabricators . | . . . . . . Repair Stations . | . . . . . . Recycling Units . | . . . . . . Scanalyzers . | . . . . . . Garrison Access 2 | . . . . 1 1 Total Hacks 39 | . 6 . 4 13 16 Successful 18 | . 3 . 2 7 6 Failed 21 | . 3 . 2 6 10 Catastrophic 2 | . 1 . . 1 . Database Lockouts . | . . . . . . Manual 34 | . 5 . 3 12 14 Terminals 36 | . 6 . 4 12 14 Fabricators . | . . . . . . Repair Stations . | . . . . . . Recycling Units . | . . . . . . Scanalyzers . | . . . . . . Garrison Access 3 | . . . . 1 2 Terminal Hacks 14 | . 3 . 2 6 3 Open Door 1 | . . . . 1 . Branch Access Points 1 | . 1 . . . . Unreport Threat 11 | . 2 . 1 5 3 Zone Layout 1 | . . . 1 . . Fabricator Hacks . | . . . . . . Repair Station Hacks . | . . . . . . Recycling Unit Hacks . | . . . . . . Scanalyzer . | . . . . . . Garrison Access Hacks 1 | . . . . 1 . Seal Access 1 | . . . . 1 . Unauthorized Hacks 3 | . . . . . 3 Terminals 3 | . . . . . 3 Botnet 3 | . . . . . 3 Fabricators . | . . . . . . Repair Stations . | . . . . . . Recycling Units . | . . . . . . Scanalyzers . | . . . . . . Garrison Access . | . . . . . . Data Cores Recovered . | . . . . . . Used . | . . . . . . Hacking Detections 12 | . 2 . 1 5 4 Full Trace Events 1 | . . . . . 1 Feedback Events . | . . . . . . Feedback Blocked . | . . . . . . Robot Schematics Acquired . | . . . . . . Robots Built . | . . . . . . Authchips . | . . . . . . Time . | . . . . . . Total Robot Build Rating . | . . . . . . Part Schematics Acquired . | . . . . . . Parts Built . | . . . . . . Authchips . | . . . . . . Time . | . . . . . . Total Part Build Rating . | . . . . . . Parts Repaired . | . . . . . . Time . | . . . . . . Parts Recycled . | . . . . . . Recycled Matter . | . . . . . . Retrieved Matter . | . . . . . . Retrieved Components . | . . . . . . Parts Scanalyzed . | . . . . . . Part Schematics Acquired . | . . . . . . Parts Damaged . | . . . . . . Bothacking | -11 -10 -10 -9 -9 -8 ------------ Run | Scr Mat Min Mat Sto Mat Used RIF Installer . | . . . . . . Robots Hacked . | . . . . . . Non-combat . | . . . . . . Combat . | . . . . . . Robot Hacks Applied . | . . . . . . Relay Couplers Released . | . . . . . . Fabnet Peak Effective % . | . . . . . . Robots Rewired . | . . . . . . Allies Hacked . | . . . . . . Hacks Repelled . | . . . . . . Allies | -11 -10 -10 -9 -9 -8 -------- Run | Scr Mat Min Mat Sto Mat Total Allies 10 | . . . . 10 . Largest Group 10 | . . . . 10 1 Highest-Rated Group 88 | . . . . 88 8 Highest-Rated Ally 16 | . . . . 16 8 Total Orders . | . . . . . . Ally Attacks 133 | . . . . 111 22 Total Damage 1208 | . . . . 1027 181 Kills 19 | . . . . 17 2 Allies Corrupted . | . . . . . . Allies Melted . | . . . . . . Intel | -11 -10 -10 -9 -9 -8 ------- Run | Scr Mat Min Mat Sto Mat Robot Analysis Total . | . . . . . . Derelict Logs Recovered . | . . . . . . Drone Launches . | . . . . . . Drone Recoveries . | . . . . . . Exploration | -11 -10 -10 -9 -9 -8 ------------- Run | Scr Mat Min Mat Sto Mat Turns Passed 3238 | 114 585 247 204 1388 700 Spaces Moved 1604 | 54 311 122 96 736 285 Core 3 | 3 . . . . . Treads 1601 | 51 311 122 96 736 285 Legs . | . . . . . . Wheels . | . . . . . . Hover . | . . . . . . Flight . | . . . . . . Fastest Speed 50 | 50 160 160 160 160 160 Average Speed 162 | 153 160 160 160 160 174 Slowest Speed 240 | 160 160 160 160 160 240 Overloaded Moves . | . . . . . . Propulsion Burnouts . | . . . . . . Robots Hopped . | . . . . . . Cave-ins Triggered . | . . . . . . Exploration Rate (%) 39 | 5 58 39 14 91 28 Regions Visited 5 Branch Regions 2 Pre-discovered Areas . | . . . . . . Known Exits Taken 5 | 1 1 1 1 1 . Unknown Exits Taken . | . . . . . . Scrap Searched . | . . . . . . Spaces Dug 1 | . . . . 1 . Terrain Destroyed 1 | . . . . 1 . Melee 1 | . . . . 1 . Projectile . | . . . . . . AOE . | . . . . . . Terrain Rammed . | . . . . . . Walls Destroyed . | . . . . . . Machines Disabled . | . . . . . . Actions | -11 -10 -10 -9 -9 -8 --------- Run | Scr Mat Min Mat Sto Mat Total 1928 | 71 353 147 114 846 397 Wait 35 | . 4 . . 3 28 Move 1599 | 53 310 121 95 735 285 Hop . | . . . . . . Pick Up 7 | . 2 . . 1 4 Fast Attach 23 | 7 3 . . 6 7 Attach 6 | . . . . 3 3 Detach 8 | . . . . 5 3 Swap 6 | . . . 1 5 . Drop 18 | . 1 . 1 8 8 Fire 154 | 11 25 15 16 42 45 Melee 6 | . . . . 6 . Ram . | . . . . . . Kick . | . . . . . . Crush 14 | . . . 1 9 4 Escape Stasis . | . . . . . . Rewire . | . . . . . . Trap . | . . . . . . Miscellaneous 52 | . 8 11 . 23 10 Route ------- -11/Scrapyard -10/Materials (discovered 3 exits: *Mat x2 / *Min) -10/Mines -9/Materials -9/Storage (discovered 2 exits: *Mat / *Rec) -8/Materials (discovered 1 exit: *Fac) History --------- Turn | Location | Event 1 | -11/Scrapyard | Upgraded with Power slot (x1) 1 | -11/Scrapyard | Upgraded with Propulsion slot (x1) 1 | -11/Scrapyard | Upgraded with Utility slot (x2) 1 | -11/Scrapyard | Upgraded with Weapon slot (x1) 40 | -11/Scrapyard | Identified exit to Materials 40 | -11/Scrapyard | Discovered exit to Materials (range 16) 115 | -11/Scrapyard | Entered Materials 384 | -10/Materials | Identified exit to Materials 384 | -10/Materials | Discovered exit to Materials (range 13) 387 | -10/Materials | Identified exit to Mines 483 | -10/Materials | Build established: Hacker-Skirmisher 587 | -10/Materials | Discovered exit to Materials (range 16) 700 | -10/Materials | Entered Mines 702 | -10/Mines | Reached level 2 735 | -10/Mines | Discovered exit to Materials (range 16) 947 | -10/Mines | Entered Materials 949 | -9/Materials | Reached level 3 949 | -9/Materials | Reached level 4 1053 | -9/Materials | Identified exit to Storage 1053 | -9/Materials | Discovered exit to Storage (range 8) 1151 | -9/Materials | Entered Storage 1153 | -9/Storage | Reached level 5 1275 | -9/Storage | Assisted by bots powering up and referring to "LRC-V3" 1300 | -9/Storage | Garrison activated, responded to threat 1400 | -9/Storage | Reached level 6 1539 | -9/Storage | Identified exit to Materials 1539 | -9/Storage | Discovered exit to Materials (range 16) 1998 | -9/Storage | Used back door to open Recycling access 1998 | -9/Storage | Identified exit to Recycling 1998 | -9/Storage | Discovered exit to Recycling (range 5) 2152 | -9/Storage | Reached level 7 2539 | -9/Storage | Entered Materials 2539 | -8/Materials | Accompanied by 1 ally 2541 | -8/Materials | Reached level 8 2575 | -8/Materials | Upgraded with Propulsion slot (x2) 2575 | -8/Materials | Upgraded with Utility slot (x2) 2719 | -8/Materials | Garrison activated, responded to threat 2922 | -8/Materials | Identified exit to Factory 2922 | -8/Materials | Discovered exit to Factory (range 8) 2981 | -8/Materials | Reached level 9 3239 | -8/Materials | Self-destructed Last Messages --------------- 03207_ Acquired 6 matter. 03208_ K-01 Serf collects debris. 03210_ Acquired 6 matter. 03212_ G-47 Trooper destroyed. 03213_ Acquired 6 matter. 03213_ K-01 Serf collects debris. 03215_ Slammed into K-01 Serf. 03215_ R-06 Scavenger collects Imp. Heat Sink. 03216_ K-01 Serf collects debris. 03218_ R-06 Scavenger collects Particle Gun. 03219_ Acquired 6 matter. 03222_ R-06 Scavenger collects Lgt. Nuclear Core. 03224_ B-36 Bruiser destroyed. 03225_ Acquired 6 matter. 03225_ ALERT: Hostiles spotted, dispatching reinforcements to Terminal M012. 03225_ R-06 Scavenger collects Particle Gun. 03228_ Acquired 6 matter. 03233_ G-47 Trooper destroyed. 03234_ Acquired 6 matter. Map ----- +----------------------------------------------------+ | | | ###########################################?###### | | ################### ################?## | | ################### """ ################?## | | ################### """ ################### | | ################### "T" !""" ########### | | ################### [%!*= ########### ! | | #########################+########## # ! | | ^]]=! %=%[* # | | *!%]/ ! * [* =[= ! T + | | ^=!==*!= % !%* *%[ [%! # | | ###########+######/################# # ] | | ###### % # ## ############# | | ###### """ # [] ## """" ####################+ | | ###### """ #[[] ## """"!#################### | | /###### """ #[[ ## """"!%####### #########+ | | ###### # ## !######## < # | | ###### " " # """ ##! ######## # | | ####### "G" # """ #####+########## # | | ####### " # """ ## ? # | | ####### # + ? + | | ################ ## g # | | ################ ## ############# # | | ################ ## [# == ### # | | ####################### #% == ! ### ##+#####+# | | ####################### @/== == ### #?### # | | ##?#################### %%#=% ### ##### ? | | ####################### #"" """ ### ##?##?? | | #########?############# #"T """ ### ###?? # | | ##?######?############# #"" """ ### ##### # | | ??##?##??##?########### # !?%[ ## ? # | | ##?#?????############## ######################## | | #??????????############!%=# ########?####?# | | ????????????#########?#%t # """ #########?###?? | | ????????????#?#########[ # """"" ##?########???? | | ?????????????####?##### # """"" ########?#?#?#? | | ????????????#?######### r # """"" ## ? ?# | | ??????????????######### # ""? ## ###??#??#??? | | ?????????????#???"""### # ## + ?? ????? | | ?????????????????"Y"### #####+#####?# ??? ? #??? | | ????????????????? ? ####?#??????????? | | ????????????????????? ? ??#? ? ?????? | | ????????????????????? ? #??? ##??#??????? | | ??????????????????????? #??# ??##?##?????????? | | ??????????????????????????##?# ? ? ?? ??#???????? | | ?????????????????????????????#? # ??????????????? | | ???????????????????????????????? ????????????????? | | ?????????????????????????????????????????????????? | | ?????????????????????????????????????????????????? | | ?????????????????????????????????????????????????? | +----------------------------------------------------+ Best States ------------- Heat Dissipation 49 Energy Generation 23 Energy Capacity 460 Matter Stores 300 Matter Capacity 300 Sight Range 16 Robot Scan Range 12 Terrain Scan Range 16 Terrain Scan Density 310 Armor Coverage 375 Resistance: KI 35 Resistance: TH 45 Resistance: EX 35 Resistance: EM 35 Resistance: I 35 Resistance: S 35 Resistance: P 35 Evasion (%) 40 Recoil Reduction 6 Offensive Hacking 20 Item Schematics ----------------- None Robot Schematics ------------------ None Fabricated ------------ Nothing Alien Tech Used ----------------- None Achievements -------------- None Challenges ------------ None RPGLIKE | -11 -10 -10 -9 -9 -8 --------- Run | Scr Mat Min Mat Sto Mat Levels Raised 8 | . . 1 2 3 2 XP Earned 18805 | 6000 1020 1250 3283 3700 3552 XP Spent 12325 | 5245 480 . . 2200 4400 Upgrades 33 | 17 8 . . 4 4 Power Slot 1 | 1 . . . . . Propulsion Slot 3 | 1 . . . . 2 Utility Slot 4 | 2 . . . . 2 Weapon Slot 1 | 1 . . . . . Core Integrity 4 | . 4 . . . . Heat Dissipation 4 | . 4 . . . . Inventory Capacity 3 | 3 . . . . . Sensor Range 6 | 6 . . . . . Terrain Scan Density 3 | 3 . . . . . Ranged Accuracy 4 | . . . . 4 . Protomatter Created 338 | . 57 74 . 52 155 Integrity Restored 1075 | . 161 211 . 484 219 Core 746 | . 90 156 . 281 219 Parts 329 | . 71 55 . 203 . Protomatter Decayed 223 | . . . . 218 5 Game ------ Seed ThermicStorageRedistributor Manual? 0 Play Time 00:22:23 Cumulative 277.6 hours Start 2022.06.29 @ 23:30:51 End 2022.06.30 @ 00:05:03 Sessions 1 Manual Loads 0 Difficulty Explorer Special Mode Winter2019/RPGLIKE Game No. 96 Rogue 0 Adventurer 1 Explorer 95 Win Type - Total 19 Types 9/0/4/3/0/1/1/0/1 Lore% 88 Gallery% 88 Achievement% 76 Wizard Run 0 Options --------- ASCII 0 Keyboard 1 Movement Numpad Keybinds 0 Fullscreen 0 Font 14/Terminus Map View 76x50 Tactical HUD 1 Map Filters BRIGHTNESS(150) Filters NONE Steam 1 RUN: be60d634-aa41-4f7f-ae25-4f92fe5b19cb